Connexion

COLORADO Avalanche vs DALLAS Stars

Created - 9 mars 2024 at 08:08

Goals
1 2 3 OT1 T
COLORADO Avalanche 2 1 0 0 3
DALLAS Stars 3 0 0 1 4
Shots
1 2 3 OT1 T
COLORADO Avalanche 9 13 8 1 31
DALLAS Stars 11 6 10 2 29

GoalsPenalties
1st period
1. DALLAS Stars , Reilly Smith 22 (John Carlson 38, Cam Talbot) at 2:44
2. COLORADO Avalanche , Alexander Wennberg 27 (Mark Pysyk 33) at 9:28
3. DALLAS Stars , Tomas Hertl 21 (Reilly Smith 33, John Carlson 39) at 9:38
4. COLORADO Avalanche , Alexander Wennberg 28 (Oliver Kylington 42, Luke Glendening 12) at 10:02
5. DALLAS Stars , Sebastien Aho 26 (Tomas Hertl 31, Darnell Nurse 43) at 15:39
Luke Glendening (COL) for Holding (Minor) at 11:09
2nd period
6. COLORADO Avalanche , Anthony Mantha 19 (Johnny Gaudreau 27, Christian Djoos 29) at 5:19
Luke Glendening (COL) for Tripping (Minor) at 1:00
Mikhail Sergachev (DAL) for Roughing (Minor) at 8:32
Tomas Hertl (DAL) for Roughing (Minor) at 10:36
Tomas Hertl (DAL) for Interference (Minor) at 12:39
3rd period
No Goal
Reilly Smith (DAL) for Tripping (Minor) at 3:53
Overtime #1
7. DALLAS Stars , William Karlsson 17 (Ondrej Kase 24, John Carlson 40) at 0:41
No Penalty
Goalie Stats
Laurent Brossoit (COL), 25 saves from 29 shots - (0,862), OTL, 4-4-2, 60:42 minutes
Cam Talbot (DAL), 28 saves from 31 shots - (0,903), W, 7-6-1, 60:42 minutes
3 StarsOfficial
1 - Alexander Wennberg (COL)
2 - John Carlson (DAL)
3 - Darnell Nurse (DAL)
Referees : Kyle Rehman and Dan O'Halloran
Linesman : Ryan Galloway and Mark Pare
Game Note
No Game Note
Finance
Level 1 -- Attendance: 5837 (97,28%) -- Ticket Income $729,625
Level 2 -- Attendance: 5532 (100,00%) -- Ticket Income $414,900
Level 3 -- Attendance: 1989 (99,45%) -- Ticket Income $103,428
Level 4 -- Attendance: 3947 (98,68%) -- Ticket Income $142,092
Luxury Box -- Attendance: 1000 (100,00%) -- Ticket Income $245,000
Game was played at the American Airlines Center.
Total Attendance: 18305 (98,78%)
Total Ticket Income: $1,635,045
Other Income: $327,009
Total Income: $1,962,054



Team Name Goals Shots Shots Attemp Shots Blocked PIM HIT PP PK FO%
COLORADO Avalanche 3317864210 / 4 (0%)043%
DALLAS Stars 42952108110 / 2 (0%)057%

COLORADO Avalanche
Player Name POS G A P +/- PIM HIT SHT SB MP PP MP PP SHT PK MP PK SHT FO% FOT
Adam RuzickaC000000000:070:0000:0000% 0
Alexander WennbergC2022008020:573:3231:14041% 17
Anthony ManthaLW/RW1011033018:544:2410:0000% 1
Anze KopitarC000-2003013:570:0000:00021% 14
Artemi PanarinLW0002001020:483:3211:14075% 4
Brenden DillonD000-2000215:050:0000:0000% 0
Christian DjoosD0110003024:214:2412:1200% 0
Claude GirouxC/LW/RW0001021021:384:2412:44044% 27
Glenn GawdinC/LW000-100103:370:0000:0000% 0
Jeff Petry D0000062324:214:2422:1200% 0
Johnny GaudreauLW0110014025:054:2402:41157% 7
Luke GlendeningC/RW0111432020:053:3210:00067% 3
Mark PysykD0112010020:343:3201:4600% 0
Martin FrkRW000-2011113:570:0000:0000% 0
Maxime ComtoisLW000-3040014:390:0000:0000% 0
Noah DobsonD000-2000015:050:0000:0000% 0
Oliver KylingtonD0111002021:163:3221:4600% 0
Philip TomasinoC000-100003:400:0000:03050% 2
DALLAS Stars
Player Name POS G A P +/- PIM HIT SHT SB MP PP MP PP SHT PK MP PK SHT FO% FOT
Damon SeversonD000-2001224:141:4214:1800% 0
Daniel SprongLW/RW0000003013:420:0000:0000% 0
Darnell NurseD0112030620:212:1603:3800% 0
Dylan CozensC0000003018:001:4212:07058% 19
Gustav LindstromD0000000116:170:0000:5200% 0
John CarlsonD0333000020:542:1603:3800% 0
Mikhail SergachevD000-2223123:301:4213:2600% 0
Morgan FrostC000-100003:590:0000:00050% 4
Neal PionkD0000000015:250:0000:0000% 0
Ondrej KaseLW/RW0110013025:251:4204:51064% 11
Peyton KrebsC/LW000000000:000:0000:0000% 0
Reilly SmithLW/RW1121206018:292:1600:000100% 1
Rem PitlickC/LW/RW000-100103:590:0000:0000% 0
Sebastien AhoC/LW/RW1011002020:372:1602:07041% 22
Tomas HertlC/LW1121422018:282:1600:00050% 2
Tyler BertuzziLW/RW0000031021:011:4205:080100% 1
Tyson JostC/LW0000000015:120:0001:300100% 1
William KarlssonC/LW1011004014:330:0000:09071% 14



Play-by-Play

1st period


0:01 of 1st period - Dylan Cozens wins face-off versus Claude Giroux in neutral zone.
0:22 of 1st period - Shot by Christian Djoos.
0:22 of 1st period - Shot Misses the Net.
0:24 of 1st period - Shot by Christian Djoos.
0:24 of 1st period - Stopped by Cam Talbot with a rebound.
0:48 of 1st period - Ondrej Kase is hit by Claude Giroux and loses puck.
1:26 of 1st period - Icing by Alexander Wennberg.
1:27 of 1st period - Alexander Wennberg wins face-off versus William Karlsson in COLORADO Avalanche zone.
2:44 of 1st period - Shot by Reilly Smith.
2:44 of 1st period - Goal by Reilly Smith - COLORADO Avalanche : 0 - DALLAS Stars : 1.
2:45 of 1st period - Morgan Frost wins face-off versus Claude Giroux in neutral zone.
2:50 of 1st period - Morgan Frost is hit by Johnny Gaudreau and loses puck.
3:20 of 1st period - Shot by Johnny Gaudreau.
3:20 of 1st period - Shot Misses the Net.
3:22 of 1st period - Shot by Johnny Gaudreau.
3:22 of 1st period - Shot Misses the Net.
3:46 of 1st period - Reilly Smith is hit by Anthony Mantha and loses puck.
4:06 of 1st period - Shot by Sebastien Aho.
4:06 of 1st period - Stopped by Laurent Brossoit without a rebound.
4:07 of 1st period - William Karlsson wins face-off versus Alexander Wennberg in COLORADO Avalanche zone.
4:40 of 1st period - Shot by Daniel Sprong.
4:40 of 1st period - Stopped by Laurent Brossoit without a rebound.
4:41 of 1st period - Anze Kopitar wins face-off versus Sebastien Aho in COLORADO Avalanche zone.
6:27 of 1st period - Ondrej Kase is hit by Luke Glendening and loses puck.
6:44 of 1st period - Shot by Philip Tomasino.
6:44 of 1st period - Shot Misses the Net.
7:08 of 1st period - Shot by Ondrej Kase.
7:08 of 1st period - Shot Misses the Net.
7:19 of 1st period - William Karlsson is hit by Jeff Petry and loses puck.
8:35 of 1st period - Icing by Damon Severson.
8:36 of 1st period - Claude Giroux wins face-off versus Morgan Frost in DALLAS Stars zone.
9:07 of 1st period - Shot by Johnny Gaudreau.
9:07 of 1st period - Stopped by Cam Talbot with a rebound.
9:26 of 1st period - Shot by Alexander Wennberg.
9:26 of 1st period - Shot Misses the Net.
9:28 of 1st period - Shot by Alexander Wennberg.
9:28 of 1st period - Goal by Alexander Wennberg - COLORADO Avalanche : 1 - DALLAS Stars : 1.
9:29 of 1st period - Sebastien Aho wins face-off versus Anze Kopitar in neutral zone.
9:38 of 1st period - Shot by Tomas Hertl.
9:38 of 1st period - Goal by Tomas Hertl - COLORADO Avalanche : 1 - DALLAS Stars : 2.
9:39 of 1st period - Luke Glendening wins face-off versus Sebastien Aho in neutral zone.
10:00 of 1st period - Shot by Alexander Wennberg.
10:00 of 1st period - Stopped by Cam Talbot with a rebound.
10:02 of 1st period - Shot by Alexander Wennberg.
10:02 of 1st period - Goal by Alexander Wennberg - COLORADO Avalanche : 2 - DALLAS Stars : 2.
10:03 of 1st period - William Karlsson wins face-off versus Claude Giroux in neutral zone.
10:40 of 1st period - Gustav Lindstrom is hit by Anthony Mantha and loses puck.
11:09 of 1st period - Minor Penalty to Luke Glendening for Holding.
11:10 of 1st period - Artemi Panarin wins face-off versus Sebastien Aho in COLORADO Avalanche zone.
11:16 of 1st period - Icing by John Carlson.
11:17 of 1st period - Johnny Gaudreau wins face-off versus Sebastien Aho in DALLAS Stars zone.
11:24 of 1st period - Shot by Johnny Gaudreau.
11:24 of 1st period - Stopped by Cam Talbot without a rebound.
11:25 of 1st period - Dylan Cozens wins face-off versus Johnny Gaudreau in DALLAS Stars zone.
11:39 of 1st period - Icing by Mikhail Sergachev.
11:40 of 1st period - Johnny Gaudreau wins face-off versus Dylan Cozens in DALLAS Stars zone.
11:47 of 1st period - Shot by Damon Severson.
11:47 of 1st period - Shot Misses the Net.
11:49 of 1st period - Shot by Mikhail Sergachev.
11:49 of 1st period - Shot Misses the Net.
11:51 of 1st period - Shot by Damon Severson.
11:51 of 1st period - Stopped by Laurent Brossoit without a rebound.
11:52 of 1st period - Johnny Gaudreau wins face-off versus Sebastien Aho in COLORADO Avalanche zone.
13:44 of 1st period - Shot by Anze Kopitar.
13:44 of 1st period - Shot Misses the Net.
13:46 of 1st period - Shot by Martin Frk.
13:46 of 1st period - Stopped by Cam Talbot with a rebound.
14:20 of 1st period - Alexander Wennberg is hit by Tyler Bertuzzi and loses puck.
15:39 of 1st period - Shot by Sebastien Aho.
15:39 of 1st period - Goal by Sebastien Aho - COLORADO Avalanche : 2 - DALLAS Stars : 3.
15:40 of 1st period - William Karlsson wins face-off versus Anze Kopitar in neutral zone.
15:50 of 1st period - Off-side.
15:51 of 1st period - Dylan Cozens wins face-off versus Alexander Wennberg in neutral zone.
15:54 of 1st period - Shot by Mikhail Sergachev.
15:54 of 1st period - Stopped by Laurent Brossoit with a rebound.
15:56 of 1st period - Shot by Tyler Bertuzzi.
15:56 of 1st period - Deflect By Ondrej Kase.
15:56 of 1st period - Stopped by Laurent Brossoit with a rebound.
15:58 of 1st period - Shot by Ondrej Kase.
15:58 of 1st period - Deflect By Dylan Cozens.
15:58 of 1st period - Shot Misses the Net.
16:19 of 1st period - Christian Djoos is hit by Mikhail Sergachev and loses puck.
16:50 of 1st period - Tyler Bertuzzi is hit by Maxime Comtois and loses puck.
17:14 of 1st period - Shot by Martin Frk.
17:14 of 1st period - Shot Blocked by Mikhail Sergachev.
17:37 of 1st period - Icing by Mark Pysyk.
17:38 of 1st period - Sebastien Aho wins face-off versus Anze Kopitar in COLORADO Avalanche zone.
17:41 of 1st period - Shot by Reilly Smith.
17:41 of 1st period - Shot Misses the Net.
17:44 of 1st period - Icing by Oliver Kylington.
17:45 of 1st period - Sebastien Aho wins face-off versus Anze Kopitar in COLORADO Avalanche zone.
17:52 of 1st period - Shot by Sebastien Aho.
17:52 of 1st period - Deflect By Reilly Smith.
17:52 of 1st period - Stopped by Laurent Brossoit without a rebound.
17:53 of 1st period - Claude Giroux wins face-off versus Sebastien Aho in COLORADO Avalanche zone.
18:02 of 1st period - Shot by Claude Giroux.
18:02 of 1st period - Shot Misses the Net.
18:04 of 1st period - Shot by Anthony Mantha.
18:04 of 1st period - Stopped by Cam Talbot with a rebound.
18:10 of 1st period - Shot by Claude Giroux.
18:10 of 1st period - Shot Misses the Net.
18:12 of 1st period - Shot by Johnny Gaudreau.
18:12 of 1st period - Stopped by Cam Talbot with a rebound.
18:14 of 1st period - Shot by Christian Djoos.
18:14 of 1st period - Shot Misses the Net.
18:33 of 1st period - Shot by Anthony Mantha.
18:33 of 1st period - Shot Misses the Net.
18:35 of 1st period - Shot by Anthony Mantha.
18:35 of 1st period - Shot Misses the Net.
18:37 of 1st period - Shot by Jeff Petry .
18:37 of 1st period - Shot Misses the Net.
19:11 of 1st period - Shot by Daniel Sprong.
19:11 of 1st period - Stopped by Laurent Brossoit without a rebound.
19:12 of 1st period - Morgan Frost wins face-off versus Anze Kopitar in COLORADO Avalanche zone.
19:17 of 1st period - Shot by Rem Pitlick.
19:17 of 1st period - Stopped by Laurent Brossoit without a rebound.
19:18 of 1st period - William Karlsson wins face-off versus Anze Kopitar in COLORADO Avalanche zone.
19:30 of 1st period - Icing by Neal Pionk.
19:31 of 1st period - Claude Giroux wins face-off versus William Karlsson in DALLAS Stars zone.
19:36 of 1st period - Shot by Claude Giroux.
19:36 of 1st period - Shot Misses the Net.
19:38 of 1st period - Shot by Claude Giroux.
19:38 of 1st period - Shot Misses the Net.
19:53 of 1st period - Daniel Sprong is hit by Jeff Petry and loses puck.
Goals for this period are 2 for COLORADO Avalanche vs 3 for DALLAS Stars .
Shots for this period are 9 for COLORADO Avalanche vs 11 for DALLAS Stars .

2nd period


0:01 of 2nd period - Dylan Cozens wins face-off versus Claude Giroux in neutral zone.
0:22 of 2nd period - Shot by Damon Severson.
0:22 of 2nd period - Deflect By Dylan Cozens.
0:22 of 2nd period - Shot Blocked by Jeff Petry .
0:24 of 2nd period - Shot by Dylan Cozens.
0:24 of 2nd period - Shot Blocked by Jeff Petry .
0:26 of 2nd period - Shot by Dylan Cozens.
0:26 of 2nd period - Stopped by Laurent Brossoit without a rebound.
0:27 of 2nd period - Alexander Wennberg wins face-off versus Sebastien Aho in COLORADO Avalanche zone.
0:27 of 2nd period - Alexander Wennberg is hit by Tomas Hertl.
0:46 of 2nd period - Tomas Hertl is hit by Mark Pysyk and loses puck.
0:55 of 2nd period - Shot by Oliver Kylington.
0:55 of 2nd period - Deflect By Artemi Panarin.
0:55 of 2nd period - Shot Misses the Net.
1:00 of 2nd period - Minor Penalty to Luke Glendening for Tripping.
1:01 of 2nd period - Johnny Gaudreau wins face-off versus Dylan Cozens in COLORADO Avalanche zone.
1:01 of 2nd period - Johnny Gaudreau is hit by Tyler Bertuzzi.
1:19 of 2nd period - Off-side.
1:20 of 2nd period - Sebastien Aho wins face-off versus Johnny Gaudreau in neutral zone.
2:32 of 2nd period - Shot by Damon Severson.
2:32 of 2nd period - Shot Misses the Net.
2:34 of 2nd period - Shot by Ondrej Kase.
2:34 of 2nd period - Shot Misses the Net.
2:36 of 2nd period - Shot by Damon Severson.
2:36 of 2nd period - Shot Misses the Net.
2:38 of 2nd period - Shot by Dylan Cozens.
2:38 of 2nd period - Stopped by Laurent Brossoit without a rebound.
2:39 of 2nd period - Dylan Cozens wins face-off versus Artemi Panarin in COLORADO Avalanche zone.
2:52 of 2nd period - Shot by Mikhail Sergachev.
2:52 of 2nd period - Stopped by Laurent Brossoit without a rebound.
2:53 of 2nd period - Tyler Bertuzzi wins face-off versus Johnny Gaudreau in COLORADO Avalanche zone.
3:38 of 2nd period - Shot by William Karlsson.
3:38 of 2nd period - Shot Misses the Net.
4:26 of 2nd period - Mikhail Sergachev is hit by Maxime Comtois and loses puck.
4:32 of 2nd period - Tyler Bertuzzi is hit by Maxime Comtois and loses puck.
4:36 of 2nd period - Icing by Mikhail Sergachev.
4:37 of 2nd period - Claude Giroux wins face-off versus Dylan Cozens in DALLAS Stars zone.
4:40 of 2nd period - Shot by Anthony Mantha.
4:40 of 2nd period - Shot Misses the Net.
4:47 of 2nd period - Icing by Johnny Gaudreau.
4:48 of 2nd period - Sebastien Aho wins face-off versus Claude Giroux in COLORADO Avalanche zone.
4:49 of 2nd period - Shot by Reilly Smith.
4:49 of 2nd period - Stopped by Laurent Brossoit without a rebound.
4:50 of 2nd period - Reilly Smith wins face-off versus Claude Giroux in COLORADO Avalanche zone.
4:51 of 2nd period - Shot by Tomas Hertl.
4:51 of 2nd period - Stopped by Laurent Brossoit without a rebound.
4:52 of 2nd period - Claude Giroux wins face-off versus Sebastien Aho in COLORADO Avalanche zone.
4:56 of 2nd period - Christian Djoos is hit by Darnell Nurse and loses puck.
4:59 of 2nd period - Shot by Anthony Mantha.
4:59 of 2nd period - Shot Blocked by Darnell Nurse.
5:01 of 2nd period - Shot by Johnny Gaudreau.
5:01 of 2nd period - Shot Misses the Net.
5:03 of 2nd period - Shot by Christian Djoos.
5:03 of 2nd period - Stopped by Cam Talbot without a rebound.
5:04 of 2nd period - Alexander Wennberg wins face-off versus Dylan Cozens in DALLAS Stars zone.
5:11 of 2nd period - Shot by Alexander Wennberg.
5:11 of 2nd period - Stopped by Cam Talbot without a rebound.
5:12 of 2nd period - Claude Giroux wins face-off versus Sebastien Aho in DALLAS Stars zone.
5:15 of 2nd period - Shot by Johnny Gaudreau.
5:15 of 2nd period - Shot Blocked by Damon Severson.
5:19 of 2nd period - Shot by Anthony Mantha.
5:19 of 2nd period - Goal by Anthony Mantha - COLORADO Avalanche : 3 - DALLAS Stars : 3.
5:20 of 2nd period - Claude Giroux wins face-off versus Dylan Cozens in neutral zone.
5:20 of 2nd period - Claude Giroux is hit by Tyler Bertuzzi.
5:47 of 2nd period - Mikhail Sergachev is hit by Jeff Petry and loses puck.
6:19 of 2nd period - Icing by Christian Djoos.
6:20 of 2nd period - Claude Giroux wins face-off versus Sebastien Aho in COLORADO Avalanche zone.
7:40 of 2nd period - Shot by Tyson Jost.
7:40 of 2nd period - Shot Misses the Net.
8:06 of 2nd period - Shot by Mikhail Sergachev.
8:06 of 2nd period - Stopped by Laurent Brossoit without a rebound.
8:07 of 2nd period - Dylan Cozens wins face-off versus Anze Kopitar in COLORADO Avalanche zone.
8:12 of 2nd period - Shot by Ondrej Kase.
8:12 of 2nd period - Deflect By Tyler Bertuzzi.
8:12 of 2nd period - Shot Misses the Net.
8:31 of 2nd period - Noah Dobson is hit by Mikhail Sergachev and loses puck.
8:32 of 2nd period - Minor Penalty to Mikhail Sergachev for Roughing.
8:33 of 2nd period - Ondrej Kase wins face-off versus Claude Giroux in DALLAS Stars zone.
8:33 of 2nd period - Ondrej Kase is hit by Anthony Mantha.
8:51 of 2nd period - Shot by Claude Giroux.
8:51 of 2nd period - Stopped by Cam Talbot without a rebound.
8:52 of 2nd period - Claude Giroux wins face-off versus Ondrej Kase in DALLAS Stars zone.
9:05 of 2nd period - Shot by Claude Giroux.
9:05 of 2nd period - Shot Misses the Net.
9:07 of 2nd period - Shot by Jeff Petry .
9:07 of 2nd period - Shot Misses the Net.
9:09 of 2nd period - Shot by Christian Djoos.
9:09 of 2nd period - Stopped by Cam Talbot without a rebound.
9:10 of 2nd period - Claude Giroux wins face-off versus Ondrej Kase in DALLAS Stars zone.
9:13 of 2nd period - Shot by Christian Djoos.
9:13 of 2nd period - Deflect By Johnny Gaudreau.
9:13 of 2nd period - Shot Misses the Net.
9:49 of 2nd period - Shot by Oliver Kylington.
9:49 of 2nd period - Stopped by Cam Talbot without a rebound.
9:50 of 2nd period - Artemi Panarin wins face-off versus Dylan Cozens in DALLAS Stars zone.
9:59 of 2nd period - Shot by Alexander Wennberg.
9:59 of 2nd period - Stopped by Cam Talbot without a rebound.
10:00 of 2nd period - Ondrej Kase wins face-off versus Alexander Wennberg in DALLAS Stars zone.
10:27 of 2nd period - Shot by Artemi Panarin.
10:27 of 2nd period - Deflect By Alexander Wennberg.
10:27 of 2nd period - Shot Blocked by Darnell Nurse.
10:29 of 2nd period - Shot by Luke Glendening.
10:29 of 2nd period - Stopped by Cam Talbot with a rebound.
10:31 of 2nd period - Shot by Alexander Wennberg.
10:31 of 2nd period - Stopped by Cam Talbot without a rebound.
10:32 of 2nd period - Sebastien Aho wins face-off versus Claude Giroux in DALLAS Stars zone.
10:36 of 2nd period - Minor Penalty to Tomas Hertl for Roughing.
10:37 of 2nd period - Ondrej Kase wins face-off versus Claude Giroux in DALLAS Stars zone.
11:15 of 2nd period - Shot by Jeff Petry .
11:15 of 2nd period - Shot Misses the Net.
11:17 of 2nd period - Shot by Anthony Mantha.
11:17 of 2nd period - Stopped by Cam Talbot without a rebound.
11:18 of 2nd period - Dylan Cozens wins face-off versus Alexander Wennberg in DALLAS Stars zone.
11:37 of 2nd period - Tyson Jost is hit by Luke Glendening and loses puck.
12:16 of 2nd period - Shot by Claude Giroux.
12:16 of 2nd period - Shot Blocked by Darnell Nurse.
12:24 of 2nd period - Shot by Christian Djoos.
12:24 of 2nd period - Shot Misses the Net.
12:26 of 2nd period - Shot by Jeff Petry .
12:26 of 2nd period - Stopped by Cam Talbot without a rebound.
12:27 of 2nd period - William Karlsson wins face-off versus Claude Giroux in DALLAS Stars zone.
12:39 of 2nd period - Minor Penalty to Tomas Hertl for Interference.
12:40 of 2nd period - Artemi Panarin wins face-off versus Ondrej Kase in DALLAS Stars zone.
12:47 of 2nd period - Shot by Luke Glendening.
12:47 of 2nd period - Shot Misses the Net.
12:49 of 2nd period - Shot by Artemi Panarin.
12:49 of 2nd period - Shot Blocked by Darnell Nurse.
12:51 of 2nd period - Shot by Alexander Wennberg.
12:51 of 2nd period - Stopped by Cam Talbot without a rebound.
12:52 of 2nd period - Tyson Jost wins face-off versus Claude Giroux in DALLAS Stars zone.
12:58 of 2nd period - Icing by Christian Djoos.
12:59 of 2nd period - Ondrej Kase wins face-off versus Claude Giroux in COLORADO Avalanche zone.
13:12 of 2nd period - Shot by Jeff Petry .
13:12 of 2nd period - Stopped by Cam Talbot with a rebound.
14:13 of 2nd period - Tyson Jost is hit by Luke Glendening and loses puck.
14:18 of 2nd period - Shot by Artemi Panarin.
14:18 of 2nd period - Shot Misses the Net.
14:20 of 2nd period - Shot by Alexander Wennberg.
14:20 of 2nd period - Shot Misses the Net.
15:05 of 2nd period - Icing by Tomas Hertl.
15:06 of 2nd period - Sebastien Aho wins face-off versus Philip Tomasino in DALLAS Stars zone.
16:03 of 2nd period - Shot by Alexander Wennberg.
16:03 of 2nd period - Shot Misses the Net.
17:24 of 2nd period - Icing by Damon Severson.
17:25 of 2nd period - Dylan Cozens wins face-off versus Anze Kopitar in DALLAS Stars zone.
17:25 of 2nd period - Dylan Cozens is hit by Martin Frk.
18:05 of 2nd period - William Karlsson is hit by Jeff Petry and loses puck.
19:11 of 2nd period - Off-side.
19:12 of 2nd period - Philip Tomasino wins face-off versus Tomas Hertl in neutral zone.
19:25 of 2nd period - Shot by Philip Tomasino.
19:25 of 2nd period - Shot Misses the Net.
19:39 of 2nd period - Shot by Glenn Gawdin.
19:39 of 2nd period - Shot Misses the Net.
19:50 of 2nd period - Icing by Tomas Hertl.
19:51 of 2nd period - Sebastien Aho wins face-off versus Alexander Wennberg in DALLAS Stars zone.
Goals for this period are 1 for COLORADO Avalanche vs 0 for DALLAS Stars .
Shots for this period are 13 for COLORADO Avalanche vs 6 for DALLAS Stars .

3rd period


0:01 of 3rd period - Dylan Cozens wins face-off versus Claude Giroux in neutral zone.
0:05 of 3rd period - Tyler Bertuzzi is hit by Jeff Petry and loses puck.
0:59 of 3rd period - Luke Glendening is hit by Ondrej Kase and loses puck.
2:00 of 3rd period - Off-side.
2:01 of 3rd period - William Karlsson wins face-off versus Anze Kopitar in neutral zone.
2:30 of 3rd period - Shot by Daniel Sprong.
2:30 of 3rd period - Shot Blocked by Brenden Dillon.
3:39 of 3rd period - Shot by Dylan Cozens.
3:39 of 3rd period - Stopped by Laurent Brossoit without a rebound.
3:40 of 3rd period - Alexander Wennberg wins face-off versus Sebastien Aho in COLORADO Avalanche zone.
3:51 of 3rd period - Shot by Reilly Smith.
3:51 of 3rd period - Stopped by Laurent Brossoit without a rebound.
3:52 of 3rd period - Anze Kopitar wins face-off versus Sebastien Aho in COLORADO Avalanche zone.
3:52 of 3rd period - Anze Kopitar is hit by Tomas Hertl.
3:53 of 3rd period - Minor Penalty to Reilly Smith for Tripping.
3:54 of 3rd period - Ondrej Kase wins face-off versus Alexander Wennberg in DALLAS Stars zone.
4:17 of 3rd period - Shot by Oliver Kylington.
4:17 of 3rd period - Shot Blocked by Darnell Nurse.
4:19 of 3rd period - Shot by Luke Glendening.
4:19 of 3rd period - Shot Misses the Net.
4:21 of 3rd period - Shot by Alexander Wennberg.
4:21 of 3rd period - Deflect By Artemi Panarin.
4:21 of 3rd period - Stopped by Cam Talbot without a rebound.
4:22 of 3rd period - Ondrej Kase wins face-off versus Claude Giroux in DALLAS Stars zone.
4:22 of 3rd period - Ondrej Kase is hit by Claude Giroux.
5:38 of 3rd period - Shot by Oliver Kylington.
5:38 of 3rd period - Stopped by Cam Talbot with a rebound.
5:40 of 3rd period - Shot by Alexander Wennberg.
5:40 of 3rd period - Shot Hit the Post.
5:42 of 3rd period - Shot by Luke Glendening.
5:42 of 3rd period - Shot Misses the Net.
5:44 of 3rd period - Shot by Mark Pysyk.
5:44 of 3rd period - Shot Blocked by Damon Severson.
5:52 of 3rd period - Shot by Oliver Kylington.
5:52 of 3rd period - Shot Misses the Net.
5:54 of 3rd period - Shot by Anze Kopitar.
5:54 of 3rd period - Stopped by Cam Talbot without a rebound.
5:55 of 3rd period - William Karlsson wins face-off versus Anze Kopitar in DALLAS Stars zone.
6:08 of 3rd period - Shot by Anze Kopitar.
6:08 of 3rd period - Stopped by Cam Talbot without a rebound.
6:09 of 3rd period - Claude Giroux wins face-off versus Sebastien Aho in DALLAS Stars zone.
7:39 of 3rd period - Shot by Artemi Panarin.
7:39 of 3rd period - Shot Misses the Net.
7:41 of 3rd period - Shot by Alexander Wennberg.
7:41 of 3rd period - Stopped by Cam Talbot without a rebound.
7:42 of 3rd period - Anze Kopitar wins face-off versus Ondrej Kase in DALLAS Stars zone.
7:45 of 3rd period - Shot by Noah Dobson.
7:45 of 3rd period - Shot Blocked by Gustav Lindstrom.
8:03 of 3rd period - Shot by Anze Kopitar.
8:03 of 3rd period - Stopped by Cam Talbot without a rebound.
8:04 of 3rd period - Alexander Wennberg wins face-off versus Morgan Frost in DALLAS Stars zone.
8:04 of 3rd period - Artemi Panarin is hit by Darnell Nurse and loses puck.
9:18 of 3rd period - Shot by Reilly Smith.
9:18 of 3rd period - Shot Blocked by Brenden Dillon.
9:20 of 3rd period - Shot by Tomas Hertl.
9:20 of 3rd period - Shot Misses the Net.
10:10 of 3rd period - Shot by William Karlsson.
10:10 of 3rd period - Stopped by Laurent Brossoit with a rebound.
10:20 of 3rd period - Shot by Daniel Sprong.
10:20 of 3rd period - Shot Misses the Net.
10:22 of 3rd period - Shot by William Karlsson.
10:22 of 3rd period - Stopped by Laurent Brossoit without a rebound.
10:23 of 3rd period - Claude Giroux wins face-off versus Dylan Cozens in COLORADO Avalanche zone.
10:46 of 3rd period - Shot by Anthony Mantha.
10:46 of 3rd period - Shot Blocked by Darnell Nurse.
10:48 of 3rd period - Shot by Claude Giroux.
10:48 of 3rd period - Shot Misses the Net.
10:50 of 3rd period - Shot by Johnny Gaudreau.
10:50 of 3rd period - Stopped by Cam Talbot without a rebound.
10:51 of 3rd period - William Karlsson wins face-off versus Alexander Wennberg in DALLAS Stars zone.
11:25 of 3rd period - Shot by William Karlsson.
11:25 of 3rd period - Shot Hit the Post.
11:31 of 3rd period - Shot by William Karlsson.
11:31 of 3rd period - Stopped by Laurent Brossoit with a rebound.
11:53 of 3rd period - Shot by Reilly Smith.
11:53 of 3rd period - Stopped by Laurent Brossoit without a rebound.
11:54 of 3rd period - Ondrej Kase wins face-off versus Claude Giroux in COLORADO Avalanche zone.
12:02 of 3rd period - Dylan Cozens is hit by Jeff Petry and loses puck.
13:11 of 3rd period - Reilly Smith is hit by Maxime Comtois and loses puck.
13:21 of 3rd period - Shot by Tomas Hertl.
13:21 of 3rd period - Shot Blocked by Martin Frk.
13:23 of 3rd period - Shot by Sebastien Aho.
13:23 of 3rd period - Deflect By Reilly Smith.
13:23 of 3rd period - Stopped by Laurent Brossoit with a rebound.
13:34 of 3rd period - Icing by Noah Dobson.
13:35 of 3rd period - William Karlsson wins face-off versus Anze Kopitar in COLORADO Avalanche zone.
14:08 of 3rd period - Icing by Mark Pysyk.
14:09 of 3rd period - Dylan Cozens wins face-off versus Alexander Wennberg in COLORADO Avalanche zone.
14:10 of 3rd period - Shot by Tyler Bertuzzi.
14:10 of 3rd period - Stopped by Laurent Brossoit without a rebound.
14:11 of 3rd period - Dylan Cozens wins face-off versus Anthony Mantha in COLORADO Avalanche zone.
14:22 of 3rd period - Shot by Dylan Cozens.
14:22 of 3rd period - Shot Blocked by Jeff Petry .
14:24 of 3rd period - Shot by Ondrej Kase.
14:24 of 3rd period - Stopped by Laurent Brossoit without a rebound.
14:25 of 3rd period - Sebastien Aho wins face-off versus Alexander Wennberg in COLORADO Avalanche zone.
14:47 of 3rd period - Icing by Mark Pysyk.
14:48 of 3rd period - Alexander Wennberg wins face-off versus Dylan Cozens in COLORADO Avalanche zone.
14:59 of 3rd period - Shot by Artemi Panarin.
14:59 of 3rd period - Shot Misses the Net.
16:05 of 3rd period - Shot by Sebastien Aho.
16:05 of 3rd period - Shot Misses the Net.
16:07 of 3rd period - Shot by Reilly Smith.
16:07 of 3rd period - Shot Misses the Net.
16:09 of 3rd period - Shot by Sebastien Aho.
16:09 of 3rd period - Shot Misses the Net.
16:58 of 3rd period - Shot by Daniel Sprong.
16:58 of 3rd period - Stopped by Laurent Brossoit without a rebound.
16:59 of 3rd period - Alexander Wennberg wins face-off versus William Karlsson in COLORADO Avalanche zone.
17:24 of 3rd period - Shot by Artemi Panarin.
17:24 of 3rd period - Shot Misses the Net.
17:40 of 3rd period - Shot by Artemi Panarin.
17:40 of 3rd period - Shot Misses the Net.
19:14 of 3rd period - Shot by Johnny Gaudreau.
19:14 of 3rd period - Deflect By Glenn Gawdin.
19:14 of 3rd period - Stopped by Cam Talbot without a rebound.
19:15 of 3rd period - Tomas Hertl wins face-off versus Luke Glendening in DALLAS Stars zone.
19:35 of 3rd period - Artemi Panarin is hit by Darnell Nurse and loses puck.
Goals for this period are 0 for COLORADO Avalanche vs 0 for DALLAS Stars .
Shots for this period are 8 for COLORADO Avalanche vs 10 for DALLAS Stars .

Overtime #1


0:01 of 1st overtime period - William Karlsson wins face-off versus Alexander Wennberg in neutral zone.
0:08 of 1st overtime period - Shot by Ondrej Kase.
0:08 of 1st overtime period - Stopped by Laurent Brossoit without a rebound.
0:09 of 1st overtime period - Luke Glendening wins face-off versus William Karlsson in COLORADO Avalanche zone.
0:14 of 1st overtime period - Shot by Luke Glendening.
0:14 of 1st overtime period - Stopped by Cam Talbot with a rebound.
0:41 of 1st overtime period - Shot by William Karlsson.
0:41 of 1st overtime period - Goal by William Karlsson - COLORADO Avalanche : 3 - DALLAS Stars : 4.
Goals for this period are 0 for COLORADO Avalanche vs 1 for DALLAS Stars .
Shots for this period are 1 for COLORADO Avalanche vs 2 for DALLAS Stars .